 Dungeon Crawl Stone Soup version 0.31-a0-1178-gc5c9b8f871 (webtiles) character file.

Game seed: 1769037740928184136

311 lunkers the Insei (level 7, -2/43 HPs)
             Began as a Meteoran Shapeshifter on Dec 11, 2023.
             Slain by a kobold
             ... wielding a +2 whip of electrocution
              (7 damage)
             ... on level 3 of the Dungeon.
             The game lasted 00:02:48 (1153 turns).

lunkers the Insei (Meteoran Shapeshifter)           Turns: 1153, Time: 00:02:48

Health: -2/43      AC:  1    Str: 15    XL:     7   Next: 2%
Magic:  8/8        EV: 16    Int: 12    God:
Gold:   75         SH:  0    Dex: 16    Spells: 6/6 levels left

rFire   . .          .
                       - Unarmed
rCold   . . .        (shield currently unavailable)
rNeg    . . .        f - melded +0 ring mail
rPois   .            (no helmet)
rElec   .            m - +0 cloak
rCorr   .            (no gloves)
SInv    .            (no boots)
Will    .....        (no amulet)
Stlth   +            (no ring)
HPRegen 0.27/turn    (no ring)
MPRegen 0.11/turn

%: no passive effects
@: flux-form, glowing
A: glow, contaminating, reduced hp, sense surroundings 1, otherworldly, glowing,
explore regen
a: Begin Untransformation


You were on level 3 of the Dungeon.
You were something dangerously unstable.
You visited 1 branch of the dungeon, and saw 3 of its levels.

You collected 75 gold pieces.

Inventory:

Armour
 a - a +0 animal skin
 e - a scarf of invisibility
 f - a +0 ring mail (melded)
 m - a +0 cloak (worn)
Jewellery
 l - an amulet of magic regeneration
Talismans
 c - a beast talisman
 d - a flux talisman (active)
Wands
 b - a wand of charming (13)
Scrolls
 g - 3 scrolls of fear {unknown}
 i - a scroll of brand weapon {unknown}
Potions
 h - 2 potions of curing {unknown}
 j - a potion of might {unknown}
 k - a potion of attraction {unknown}


   Skills:
 - Level 1.1 Fighting
 - Level 2.1 Dodging
 * Level 7.1 Unarmed Combat
 + Level 5.4 Shapeshifting


You had 6 spell levels left.
You didn't know any spells.
Your spell library was empty.

Dungeon Overview and Level Annotations

Branches:
Dungeon (3/15) Zot: 656

Altars:


Innate Abilities, Weirdness & Mutations

You are something dangerously unstable.
You glow with magical radiation, making you easy to see and hit.
Foes you strike become dangerously contaminated with magical radiation.
Your maximum health is decreased, since you lack skill for your form.
You are incapable of wielding weapons or throwing items.
You passively map a small area around you.
You are easily found by Zot.
You glow in the dark.
You regain HP and MP as you explore.


Message History

The gnoll is almost dead.
The gnoll barely misses you.
Unknown command.
You completely miss the gnoll.
The gnoll is severely wounded.
You hit the gnoll but do no damage.
The gnoll shudders as magic cascades through it!
You kill the gnoll!
You have reached level 7!
A kobold comes into view.
It is wielding a +0 dagger and quivering poisoned darts.
The kobold moves out of view.
Items here: )))) †††.
Okay, then.
Items here: )))) [ †††.
Items here: )))) †††.
A kobold comes into view.
It is wielding a +2 whip of electrocution.
There are monsters nearby!
Items here: )))) †††.
Items here: )))) [ †††.
The kobold hits you with a +0 dagger.
* * * LOW HITPOINT WARNING * * *
Items here: )))) †††.
You hit the kobold.
The kobold begins to glow.
The kobold is heavily wounded.
A hobgoblin comes into view.
The kobold closely misses you.
Unknown command.
You hit the kobold.
The kobold glows dangerously bright.
The kobold is severely wounded.
The hobgoblin throws a stone.
The stone hits you.
* * * LOW HITPOINT WARNING * * *
The kobold barely misses you.
You completely miss the kobold.
The kobold is severely wounded.
The kobold barely misses you. The kobold misses you.
Unknown command.
Unknown command.
You miss the kobold.
The kobold hits you with a +2 whip of electrocution!
You die...

, .. , , #....... , #........
#......# .#..............
##......### * ...............
#.........# #.............g
##.........### #..............
.............####..............
.............)pK...............
.............##K...............
.............##................
...................g...........
...............................
...............................
##.###.........##..............
#. #.........##.............. #
############..............


You could see a hobgoblin and 2 kobolds.

Vanquished Creatures
  Sigmund (D:2)
  Crazy Yiuf (D:2)
  4 gnolls (D:3)
  3 adders (D:2)
  A dart slug (D:2)
  4 orcs (D:3)
  3 endoplasms (D:1)
  2 giant cockroaches
  3 goblins (D:1)
  7 hobgoblins
  A quokka (D:1)
  4 ball pythons
  3 bats
  A frilled lizard (D:2)
  5 kobolds
  2 rats
45 creatures vanquished.

Notes
Turn   | Place    | Note
-------+----------+-------------------------------------------
     0 | D:1      | lunkers the Meteoran Shapeshifter began the quest for the
                  | Orb.
     0 | D:1      | Reached XP level 1. HP: 16/16 MP: 2/2
   150 | D:1      | Reached XP level 2. HP: 22/23 MP: 3/3
   153 | D:1      | Reached skill level 4 in Unarmed Combat
   243 | D:1      | Reached XP level 3. HP: 26/28 MP: 4/4
   500 | D:1      | Glimpsed the power of Zot.
   547 | D:2      | Reached XP level 4. HP: 32/35 MP: 5/5
   551 | D:2      | Reached skill level 5 in Unarmed Combat
   696 | D:2      | Found a runed translucent door.
   697 | D:2      | Noticed Crazy Yiuf
   758 | D:2      | Killed Crazy Yiuf
   759 | D:2      | Reached XP level 5. HP: 9/40 MP: 6/6
   802 | D:2      | Noticed Sigmund
   812 | D:2      | HP: 1/30 [Sigmund/+0 scythe (10)]
   816 | D:2      | Killed Sigmund
   817 | D:2      | Reached skill level 6 in Unarmed Combat
   817 | D:2      | Reached skill level 5 in Shapeshifting
   817 | D:2      | Reached XP level 6. HP: 3/47 MP: 7/7
  1128 | D:3      | Reached skill level 7 in Unarmed Combat
  1142 | D:3      | Reached XP level 7. HP: 6/52 MP: 8/8
  1153 | D:3      | Slain by a kobold

Illustrated notes

Levels and vault maps discovered:
D:1:      ncdulo_smallfort, layout_loops_ring, serial_bayou,
          serial_bayou_ford_a, serial_bayou_shore_b, serial_bayou_pond_a,
          serial_bayou_pond_b, hex_medium
D:2:      layout_loops_ring, uniq_crazy_yiuf_cottage, uniq_sigmund
D:3:      layout_basic

Skill      XL: |  1  2  3  4  5  6 |
---------------+-------------------+-----
Unarmed Combat | 4 5 6 7 |  7.1
Shapeshifting  | 4 5 |  5.4
Fighting       | |  1.1
Dodging        | |  2.1

Action                     |  1- 3 |  4- 6 |  7- 9 || total
---------------------------+-------+-------+-------++-------
  Melee: Unarmed           |    51 |    64 |     4 ||   119
    Use: Potion            |       |     1 |       ||     1
 Armour: Animal skin       |     9 |       |       ||     9
         Ring mail         |    13 |     6 |       ||    19
         Skin              |       |    19 |     3 ||    22
  Dodge: Dodged            |    25 |    37 |     4 ||    66
   Form: Flux              |       |     1 |       ||     1

Table legend: (Time is in decaauts)
 A = Elapsed time spent in this place.
 B = Non-inter-level travel time spent in this place.
 C = Inter-level travel time spent in this place.
 D = Time resting spent in this place.
 E = Time spent auto-exploring this place.
 F = Levels seen in this place.
 G = Mean time per level.
                   A        B        C        D        E       F      G
               +--------+--------+--------+--------+--------+-----+--------+
         Total |   1143 |   1123 |     20 |    138 |    650 |   3 |  381.0 |
       Dungeon |   1143 |   1123 |     20 |    138 |    650 |   3 |  381.0 |
               +--------+--------+--------+--------+--------+-----+--------+

Top non-repeatable levels by time:
     D:2: 543 daAuts
     D:1: 517 daAuts
     D:3: 82 daAuts
